 Dungeon Crawl Stone Soup version 0.31.0-9-g3a7656b989 (webtiles) character file.

Game seed: 3592270658016872802

114 qw the Skirmisher (level 4, 0/22 (25) HPs)
             Began as a Deep Elf Hunter on Feb 2, 2024.
             Slain by a scorpion (1 damage)
             ... on level 4 of the Dungeon.
             The game lasted 00:00:06 (2161 turns).

qw the Skirmisher (Deep Elf Hunter)                 Turns: 2161, Time: 00:00:07

HP:   0/22 (25)     AC:  6    Str: 10    XL:     4   Next: 67%
MP:   6/6           EV: 11    Int: 14    God:
Gold: 96            SH:  0    Dex: 18    Spells: 3/3 levels left

rFire   . . .        a - +1 shortbow
rCold   . . .        (shield currently unavailable)
rNeg    . . .        k - +0 ring mail
rPois   .            (no helmet)
rElec   .            (no cloak)
rCorr   .            b - +0 pair of gloves
SInv    .            (no boots)
Will    .....        (no amulet)
Stlth   +            (no ring)
HPRegen 0.23/turn    (no ring)
MPRegen 0.10/turn

%: no passive effects
@: lethally poisoned (0 -> -11), heavily drained
A: no striking features
a: no special abilities


You were on level 4 of the Dungeon.
You visited 1 branch of the dungeon, and saw 4 of its levels.

You collected 194 gold pieces.
You spent 98 gold pieces at shops.


   Skills:
 - Level 1.5 Fighting
 + Level 8.1 Ranged Weapons
 - Level 2.4 Dodging
 - Level 1.2 Stealth


You had 3 spell levels left.
You didn't know any spells.
Your spell library was empty.

Inventory:

Hand Weapons
 a - a +1 shortbow (weapon)
Armour
 b - a +0 pair of gloves (worn)
 k - a +0 ring mail (worn)
Wands
 g - a wand of flame (17)
Scrolls
 f - 3 scrolls of teleportation
Potions
 d - a potion of curing
 e - a potion of heal wounds
 h - a potion of enlightenment {unknown}
 i - a potion of invisibility {unknown}
 j - a potion of cancellation {unknown}

Dungeon Overview and Level Annotations

Branches:
Dungeon (4/15)
 Temple: D:4-7

Altars:
Dithmenos
Gozag

Shops:
D:2 ?


Message History

The kobold is severely wounded.
You shoot an arrow. The arrow hits the kobold!
You kill the kobold!
A goblin comes into view. It is wielding a +0 dagger.
You shoot an arrow. The arrow barely misses the goblin.
The goblin shouts!
You shoot an arrow. The arrow hits the goblin.
The goblin is severely wounded.
You shoot an arrow. The arrow hits the goblin.
You kill the goblin!
A scorpion comes into view.
You shoot an arrow.
The arrow hits the scorpion but does no damage.
You shoot an arrow. The arrow closely misses the scorpion.
You shoot an arrow. The arrow barely misses the scorpion.
The scorpion barely misses you.
You shoot an arrow.
The arrow hits the scorpion but does no damage.
The scorpion closely misses you.
You shoot an arrow. The arrow hits the scorpion.
The scorpion is moderately wounded.
The scorpion stings you.
You are poisoned.
The scorpion poisons you!
You shoot an arrow. The arrow hits the scorpion.
The scorpion is moderately wounded.
You feel very sick.
The scorpion stings you but does no damage. x2
You shoot an arrow. The arrow barely misses the scorpion.
You feel sick. The scorpion stings you.
You are lethally poisoned!
The scorpion poisons you!
You shoot an arrow. The arrow hits the scorpion.
The scorpion is heavily wounded.
You feel very sick. The scorpion barely misses you.
You shoot an arrow. The arrow barely misses the scorpion.
You feel very sick. The scorpion closely misses you. The scorpion stings you.
You die...

#+###+#
#.#.#.
.####....
......s.#
#@# #.#
...#####.#
.........#
..~###..## #
#)..#..# #~
#.}.#..#
.#~~#...#..#
#~~~~###...#


You could see a scorpion.

Vanquished Creatures
  An orc wizard (D:2)
  3 adders (D:2)
  A dart slug (D:2)
  5 orcs
  9 ball pythons
  5 endoplasms
  A giant cockroach (D:3)
  6 goblins
  3 hobgoblins (D:1)
  4 kobolds
  3 quokkas
  3 bats
  5 frilled lizards
  7 rats
56 creatures vanquished.

Notes
Turn   | Place    | Note
-------+----------+-------------------------------------------
     0 | D:1      | qw the Deep Elf Hunter began the quest for the Orb.
     0 | D:1      | Reached XP level 1. HP: 12/12 MP: 3/3
     0 | D:1      | 0 ||| qw: Version: 0.3-a-155-g5e7d8dd
     0 | D:1      | 0 ||| qw: Game counter: 1397
     0 | D:1      | 0 ||| qw: Melee chars always use a shield: true
     0 | D:1      | 0 ||| qw: God list: Okawaru
     0 | D:1      | 0 ||| qw: Allow faded altars: false
     0 | D:1      | 0 ||| qw: Do Orc after clearing Dungeon:15 true
     0 | D:1      | 0 ||| qw: Do second Lair branch before Depths: true
     0 | D:1      | 0 ||| qw: Lair rune preference: random
     0 | D:1      | 0 ||| qw: Goals: Normal
     0 | D:1      | 0 ||| PLANNING D:1-11
    92 | D:1      | Reached skill level 6 in Ranged Weapons
    92 | D:1      | Reached XP level 2. HP: 16/16 MP: 4/4
   573 | D:1      | 573 ||| READING scroll labelled VORCHO TACHUSH.
   574 | D:1      | 574 ||| READING scroll labelled ADI XUYVUCS.
   574 | D:1      | 574 ||| IDENTIFYING fuming yellow potion
   575 | D:1      | 575 ||| READING scroll labelled MAWNECI KUROR.
   575 | D:1      | 575 ||| ENCHANTING +0 shortbow.
   576 | D:1      | 576 ||| DROPPING scroll of butterflies.
   700 | D:2      | Reached XP level 3. HP: 9/20 MP: 5/5
   835 | D:2      | Reached skill level 7 in Ranged Weapons
   867 | D:2      | Found Ejuuro Zihe's Magic Scroll Emporium.
   894 | D:2      | 894 ||| SHOPLISTING scroll of brand weapon (133 gold, have
                  | 99).
   894 | D:2      | 894 ||| BUYING scroll of identify (28 gold).
   894 | D:2      | Bought a scroll of identify for 28 gold pieces
   894 | D:2      | 894 ||| BUYING scroll of identify (28 gold).
   894 | D:2      | Bought a scroll of identify for 28 gold pieces
   894 | D:2      | 894 ||| BUYING scroll of teleportation (42 gold).
   894 | D:2      | Bought a scroll of teleportation for 42 gold pieces
  1139 | D:2      | 1139 ||| UPGRADING to +0 pair of gloves.
  1144 | D:2      | 1144 ||| READING 3 scrolls of identify.
  1144 | D:2      | 1144 ||| IDENTIFYING emerald potion
  1145 | D:2      | 1145 ||| READING 2 scrolls of identify.
  1145 | D:2      | 1145 ||| IDENTIFYING orange potion
  1146 | D:2      | 1146 ||| READING scroll of identify.
  1146 | D:2      | 1146 ||| IDENTIFYING scroll labelled YLIRPH WISOQA
  1147 | D:2      | 1147 ||| DROPPING scroll of immolation.
  1148 | D:2      | 1148 ||| DROPPING potion of ambrosia.
  1174 | D:3      | Reached XP level 4. HP: 25/25 MP: 6/6
  1176 | D:3      | 1176 ||| STAIRDANCE
  1180 | D:2      | 1180 ||| DRINKING potion of curing.
  1180 | D:2      | 1180 ||| (to cure confusion)
  1265 | D:3      | 1265 ||| STAIRDANCE
  1285 | D:3      | 1285 ||| STAIRDANCE
  1435 | D:3      | Found a faded altar of an unknown god.
  1592 | D:3      | Reached skill level 8 in Ranged Weapons
  1844 | D:3      | Found an opulent altar of Gozag.
  1847 | D:3      | Found a shadowy altar of Dithmenos.
  2083 | D:3      | 2083 ||| UPGRADING to +0 ring mail.
  2093 | D:3      | 2093 ||| DROPPING +0 leather armour.
  2152 | D:4      | Noticed a scorpion
  2161 | D:4      | HP: 1/22 [poisoned by a scorpion]
  2161 | D:4      | Slain by a scorpion

Levels and vault maps discovered:
D:1:      dpeg_arrival_signposts, layout_rooms
D:2:      minmay_door_path, layout_basic, serial_shops, nicolae_square_shop
D:3:      layout_loops_ring, minitemple, ebering_ecumenical_altar_petrified
D:4:      layout_loops_corners, mainiacjoe_overflow_six_doors_small,
          fountainhead

Skill      XL: |  1  2  3  4 |
---------------+-------------+-----
Ranged Weapons | 6 7 8 |  8.1
Fighting       | |  1.5
Dodging        | |  2.4
Stealth        | |  1.2

Action                     |  1- 3 |  4- 6 || total
---------------------------+-------+-------++-------
   Fire: Shortbow          |   110 |    64 ||   174
    Use: Scroll            |     6 |       ||     6
         Potion            |       |     1 ||     1
 Armour: Leather armour    |    21 |    29 ||    50
         Ring mail         |       |     5 ||     5
  Dodge: Dodged            |    24 |     9 ||    33

Table legend:
 A = Non-vault XP
 B = Vault XP
 C = Vault XP percentage of total XP
 D = Non-vault monster count
 E = Vault monster count
 F = Vault count percentage of total count
                 A         B        C        D         E       F
            +---------+---------+-------+---------+---------+-------
      Total |     163 |       1 |   0.6 |      55 |       1 |   1.8
            +---------+---------+-------+---------+---------+-------
        D:1 |      30 |       0 |   0.0 |      19 |       0 |   0.0
        D:2 |     102 |       1 |   1.0 |      20 |       1 |   4.8
        D:3 |      28 |       0 |   0.0 |      14 |       0 |   0.0
        D:4 |       3 |       0 |   0.0 |       2 |       0 |   0.0
            +---------+---------+-------+---------+---------+-------
